 Dungeon Crawl Stone Soup version 0.29.1-15-g9cfb28693d (webtiles) character file.

Game seed: 12778128209701740526

3135 Gumption the Cleaver (level 9, -5/82 HPs)
             Began as a Minotaur Berserker on Feb 24, 2023.
             Was an Elder of Trog.
             Shot with an arrow by a centaur warrior (12 damage)
             ... on level 8 of the Dungeon.
             The game lasted 01:06:20 (7390 turns).

Gumption the Cleaver (Minotaur Berserker)           Turns: 7390, Time: 01:06:20

Health: -5/82      AC: 17    Str: 27    XL:     9   Next: 61%
Magic:  8/8        EV: 12    Int:  4    God:    Trog [****..]
Gold:   350        SH:  0    Dex:  9    Spells: 8/8 levels left

rFire   . . .      SeeInvis .   a - +1 war axe
rCold   . . .      Faith    .   (no shield)
rNeg    . . .      Spirit   .   B - +0 plate armour
rPois   .          Reflect  .   (helmet restricted)
rElec   .          Harm     .   (no cloak)
rCorr   .          Rampage  .   (no gloves)
Will    .....                   n - +2 pair of boots
Stlth   ..........              (no amulet)
HPRegen 0.23/turn               p - +4 ring of evasion
MPRegen 0.11/turn               s - +4 ring of slaying

@: no status effects
A: horns 2, retaliatory headbutt
a: Renounce Religion, Berserk, Trog's Hand, Brothers in Arms


You were on level 8 of the Dungeon.
You worshipped Trog.
Trog was greatly pleased with you.
You visited 2 branches of the dungeon, and saw 9 of its levels.
You also visited: Sewer.

You collected 350 gold pieces.

Inventory:

Hand Weapons
 a - a +1 war axe (weapon)
 m - a +0 hand axe
 y - a +0 dagger of electrocution
Missiles
 g - a curare-tipped dart
 i - 38 stones
 j - 16 poisoned darts (quivered)
 z - 4 boomerangs
Armour
 b - a +0 scale mail
 d - a scarf of repulsion
 f - a +0 cloak
 n - a +2 pair of boots (worn)
 t - the +3 leather armour "Kotzakh" {rElec rF+ Will- Str+5}
   (You found it on level 3 of the Dungeon)

   Str:       It affects your strength (+5).
   rF:        It protects you from fire.
   rElec:     It insulates you from electricity.
   Will:      It decreases your willpower.
 B - a +0 plate armour (worn)
Jewellery
 o - a ring of ice
 p - a +4 ring of evasion (left hand)
 s - a +4 ring of slaying (right hand)
 G - a ring of willpower
Scrolls
 c - 2 scrolls of teleportation
 h - 2 scrolls of poison
 k - a scroll of immolation
 l - 2 scrolls of enchant armour
 r - 6 scrolls of identify
 v - a scroll of magic mapping {unknown}
 A - a scroll of fear {unknown}
 D - a scroll of acquirement {unknown}
 E - a scroll of brand weapon {unknown}
 F - a scroll of noise {unknown}
Potions
 e - a potion of heal wounds
 q - 5 potions of curing
 u - 2 potions of flight
 w - 2 potions of lignification
 x - a potion of attraction {unknown}
 C - a potion of cancellation {unknown}
 H - a potion of ambrosia {unknown}


   Skills:
 + Level 8.9 Fighting
 * Level 12.0 Axes
 + Level 8.4 Armour
 - Level 2.1 Dodging


You had 8 spell levels left.
You didn't know any spells.
Your spell library was empty.

Dungeon Overview and Level Annotations

Branches:
Dungeon (8/15)             Temple (1/1) D:7           Sewer (visited)
   Lair: D:8-11

Altars:
Ashenzari
Dithmenos
Elyvilon
Fedhas
Gozag
Hepliaklqana
Kikubaaqudgha
Makhleb
Nemelex Xobeh
Okawaru
Trog
Uskayaw
Vehumet
Wu Jian
Zin
The Shining One


Innate Abilities, Weirdness & Mutations

You have a pair of horns on your head.
You reflexively headbutt those who attack you in melee.


Message History

The centaur warrior shoots an arrow.
The arrow closely misses you.
The centaur warrior shoots an arrow.
The arrow hits you!
The centaur warrior shoots an arrow.
The arrow closely misses you.
The centaur warrior shoots an arrow.
Keep disrobing?
Uppercase [Y]es or [N]o only, please.
Keep disrobing?
Uppercase [Y]es or [N]o only, please.
Keep disrobing?
The arrow misses you.
You start removing your armour.
You continue taking off your +0 cloak.
The centaur warrior shoots an arrow.
The arrow barely misses you.
The centaur warrior shoots an arrow.
The arrow hits you!
You hear a shout!
You continue taking off your +0 cloak.
The centaur warrior shoots an arrow.
The arrow barely misses you.
You continue taking off your +0 cloak.
The centaur warrior shoots an arrow.
The arrow hits you.
The centaur warrior shoots an arrow.
The arrow barely misses you.
You continue taking off your +0 cloak.
The centaur warrior shoots an arrow.
The arrow closely misses you.
You finish taking off your +0 cloak.
The centaur warrior shoots an arrow.
The arrow hits you!
The centaur warrior shoots an arrow.
The arrow hits you.
* * * LOW HITPOINT WARNING * * *
Okay, then.
Really read the scroll of poison?
The air fills with toxic fumes!
As you read the scroll of poison, it crumbles to dust.
The centaur warrior shoots an arrow.
The arrow hits you but does no damage.
The centaur warrior shoots an arrow.
Keep equipping yourself?
The arrow hits you!
* * * LOW HITPOINT WARNING * * *
The centaur warrior shoots an arrow.
The arrow hits you.
* * * LOW HITPOINT WARNING * * *
You start putting on your armour.
You continue putting on your scarf of repulsion.
The centaur warrior shoots an arrow.
The arrow hits you!
You die...

#.......... #..........
#.......... #........).
#.......... ##.........
#########.....##.
##########
##§§§§§§§.....###.
#........####@§#######.##.#
## ###.....§§§§§§§§##
#.##.# # #.......§c§######
#.# .# # #........######
..# ## #.......o....(....
.... #. #.#######.#.###.##
##... .. #. #..## #.... ..
# #.#.# #.... .. c.###
#.###. ..


You could see a centaur warrior.

Vanquished Creatures
  Pikel (D:8)
  Sigmund (D:3)
  3 steam dragons
  2 water moccasins
  An ice beast (D:8)
  An orc warrior (D:7)
  A black bear (D:6)
  3 ogres
  A phantom (D:6)
  2 kobold brigands
  3 bullfrogs
  A necrophage (D:7)
  A scorpion (D:5)
  3 wights (D:8)
  A howler monkey (D:5)
  2 hounds
  8 orc priests
  A jelly (D:4)
  2 iguanas
  Terence (D:2)
  Natasha (twice) (D:3)
  4 orc wizards
  2 adders (D:5)
  A white imp (D:4)
  An ufetubus (D:5)
  2 worms
  2 dart slugs
  22 orcs
  7 endoplasms
  9 giant cockroaches
  5 goblins
  7 hobgoblins
  5 jackals
  7 quokkas
  9 ball pythons
  2 bats
  3 frilled lizards (D:1)
  3 kobolds
  9 rats
141 creatures vanquished.

Vanquished Creatures (others)
  28 plants
28 creatures vanquished.

Grand Total: 169 creatures vanquished

Notes
Turn   | Place    | Note
-------+----------+-------------------------------------------
     0 | D:1      | Gumption the Minotaur Berserker began the quest for the
                  | Orb.
     0 | D:1      | Reached XP level 1. HP: 19/19 MP: 0/0
   542 | D:1      | Reached skill level 4 in Axes
   634 | D:1      | Found a faded altar of an unknown god.
   637 | D:1      | Reached XP level 2. HP: 27/27 MP: 1/1
  1009 | D:1      | Reached ** piety under Trog
  1070 | D:1      | Reached XP level 3. HP: 33/33 MP: 2/2
  1744 | D:2      | Reached XP level 4. HP: 20/40 MP: 3/3
  1770 | D:2      | Reached skill level 5 in Axes
  1982 | D:2      | Noticed Terence
  2054 | D:2      | Killed Terence
  2665 | D:3      | Noticed Sigmund
  2684 | D:3      | Killed Sigmund
  2685 | D:3      | Reached skill level 5 in Fighting
  2685 | D:3      | Reached skill level 6 in Axes
  2685 | D:3      | Reached XP level 5. HP: 28/48 MP: 4/4
  2685 | D:3      | Reached XP level 6. HP: 33/56 MP: 5/5
  2773 | D:3      | Noticed Natasha
  2781 | D:3      | Killed Natasha
  2805 | D:3      | Found a sparkling altar of Nemelex Xobeh.
  2975 | D:3      | Identified the +3 leather armour "Kotzakh" {rElec rF+ Will-
                  | Str+5}
  3122 | D:3      | Noticed Natasha
  3125 | D:3      | Killed Natasha
  3575 | D:4      | Reached skill level 7 in Axes
  3772 | D:4      | Reached skill level 5 in Armour
  3779 | D:4      | Reached *** piety under Trog
  3780 | D:4      | Reached XP level 7. HP: 57/62 MP: 6/6
  3845 | D:4      | Noticed a steam dragon
  3853 | D:4      | Killed a steam dragon
  3854 | D:4      | Reached skill level 8 in Axes
  4049 | D:5      | Entered Level 5 of the Dungeon
  4090 | D:5      | Found a glowing drain.
  4104 | Sewer    | Entered a sewer
  4182 | Sewer    | Found a glowing silver altar of Zin.
  4422 | D:5      | Reached XP level 8. HP: 50/71 MP: 7/7
  4603 | D:5      | Found a radiant altar of Vehumet.
  5143 | D:5      | Reached skill level 9 in Axes
  6070 | D:7      | Found a staircase to the Ecumenical Temple.
  6081 | Temple   | Entered the Ecumenical Temple
  6266 | D:7      | Reached skill level 10 in Axes
  6284 | D:7      | Reached **** piety under Trog
  6371 | D:7      | Identified the +0 robe "Dicw" {Harm Str+2 Dex-5}
  6855 | D:7      | Found a burning altar of Makhleb.
  7001 | D:7      | Reached XP level 9. HP: 81/81 MP: 8/8
  7176 | D:8      | Noticed Pikel
  7183 | D:8      | Killed Pikel
  7184 | D:8      | Reached skill level 11 in Axes
  7361 | D:8      | Reached skill level 12 in Axes
  7375 | D:8      | Noticed a centaur warrior
  7390 | D:8      | Shot with an arrow by a centaur warrior

Illustrated notes

Levels and vault maps discovered:
D:1:      dpeg_arrival_round_b, layout_rooms, nicolae_ecumenical_snake_handling,
          minmay_cupped
D:2:      layout_basic, grunt_ministairs_12, minmay_misc_feat_five,
          serial_bayou_lagoon_a, uniq_terence
D:3:      layout_basic, mainiacjoe_overflow_brackets, uniq_sigmund, uniq_natasha
D:4:      layout_basic
D:5:      layout_gridville, nicolae_vehumet_radiance, portal_sewer_entry_f,
          kennysheep_another_room
D:6:      layout_basic, uniq_maggie
D:7:      layout_basic, lemuel_tele_altar, minmay_temple_entry_wispy,
          dk_noncrumbling_2, bh_walls_and_bars
D:8:      layout_rooms, minmay_shattered_shrine, uniq_pikel
Temple:   hellmonk_temple_forest_ring

Skill      XL: |  1  2  3  4  5  6  7  8  9 |
---------------+----------------------------+-----
Axes           | 4 6 7 8 10 12 | 12.0
Fighting       | 4 5 6 7 8 |  8.9
Armour         | 3 4 5 6 7 8 |  8.4
Dodging        | |  2.1

Action                   |  1- 3 |  4- 6 |  7- 9 || total
-------------------------+-------+-------+-------++-------
Melee: Hand axe          |    76 |    25 |       ||   101
       Headbutt          |    13 |    16 |    27 ||    56
       Punch             |     1 |       |     1 ||     2
       War axe           |       |    68 |   133 ||   201
Throw: Stone             |     6 |     7 |     2 ||    15
       Dart              |       |       |    11 ||    11
Invok: Trog's Hand       |       |     2 |       ||     2
       Berserk           |       |     1 |       ||     1
  Use: Scroll            |       |       |    12 ||    12
Armor: Animal skin       |     8 |       |       ||     8
       Scale mail        |    12 |    19 |       ||    31
       Leather armour    |     1 |     7 |    16 ||    24
       Plate armour      |       |       |    23 ||    23
Dodge: Dodged            |    38 |    49 |    66 ||   153
